 Dungeon Crawl Stone Soup version 0.20.1-1-g8b1a95d (webtiles) character file.

685028 zaRGo the Axe Maniac (level 27, -9/273 HPs)
             Began as a Minotaur Berserker on Nov 26, 2017.
             Was a High Priest of Trog.
             Mangled by Icaerun the pandemonium lord (13 damage)
             ... on level 2 of the Realm of Zot on Nov 30, 2017.
             The game lasted 13:13:14 (98313 turns).

zaRGo the Axe Maniac (Minotaur Berserker)          Turns: 98313, Time: 13:13:14

Health: -9/273     AC: 40    Str: 29    XL:     27
Magic:  9/9        EV: 27    Int: 13    God:    Trog [*****.]
Gold:   2858       SH:  0    Dex: 22    Spells: 26/26 levels left

rFire    + + .     SeeInvis .   a - +8 executioner's axe (antimagic)
rCold    + . .     Gourm    .   (shield currently unavailable)
rNeg     . . .     Faith    .   A - +3 gold dragon scales
rPois    +         Spirit   .   C - +2 hat {Int+3}
rElec    .         Reflect  .   Y - +2 cloak {MR+}
rCorr    .         Harm     .   F - +2 pair of gloves {Dex+3}
MR       ++++.                  M - +2 pair of boots {run}
Stlth    ..........             i - amulet of regeneration
Regen    1.0/turn               W - ring "Foicloto" {MR+ Str+4 Int+5}
MPRegen  0.2/turn               H - ring "Iczal" {+Blink rF+}

@: quick
A: retaliatory headbutt, horns 2, thin metallic scales 1, camouflage 1, deformed
body, low mp 1
0: Orb of Zot
}: 3/15 runes: decaying, serpentine, silver
a: Berserk, Trog's Hand, Brothers in Arms, Burn Spellbooks, Renounce Religion,
Evoke Blink


You were on level 2 of the Realm of Zot.
You worshipped Trog.
Trog was extremely pleased with you.
You were near starving.

You visited 9 branches of the dungeon, and saw 47 of its levels.
You visited the Abyss 1 time.
You also visited: Labyrinth, Bailey and Ice Cave.

You collected 7350 gold pieces.
You spent 4492 gold pieces at shops.

Inventory:

Hand Weapons
 a - a +8 antimagic executioner's axe (weapon)
Missiles
 e - 18 curare-tipped needles (quivered)
Armour
 v - a +2 cloak of poison resistance
 x - a +10 plate armour of magic resistance
 A - +3 gold dragon scales (worn)
 C - a +2 hat of intelligence (worn)
 F - a +2 pair of gloves of dexterity (worn)
 M - a +2 pair of boots of running (worn)
 Y - a +2 cloak of magic resistance (worn)
Jewellery
 f - an uncursed ring of positive energy
 i - an amulet of regeneration (around neck)
 G - an uncursed ring of poison resistance
 H - the ring "Iczal" (right hand) {+Blink rF+}
   (You took it off a minotaur in a labyrinth)

   [ring of protection from fire]

   It protects you from fire.
   It lets you blink.
 O - an uncursed ring of protection from fire
 S - the ring "Jogoic" {rC+ Int+3 Dex+2}
   (You took it off a yaktaur captain on level 5 of the Vaults)

   [ring of intelligence]

   It affects your intelligence (+3).
   It affects your dexterity (+2).
   It protects you from cold.
 W - the ring "Foicloto" (left hand) {MR+ Str+4 Int+5}
   (You found it on level 5 of the Depths)

   [ring of protection from magic]

   It affects your strength (+4).
   It affects your intelligence (+5).
   It affects your resistance to hostile enchantments.
Wands
 b - a wand of flame (22/48)
 l - a wand of iceblast (15/15)
 J - a wand of disintegration (9/24)
 T - a wand of digging (10/24)
 X - a wand of acid (6/15)
Scrolls
 d - 3 scrolls of teleportation
 g - 2 scrolls of blinking
 h - a scroll of fear
 q - 6 scrolls of fog
 r - 22 scrolls of remove curse
 E - 2 scrolls of summoning
 N - 3 scrolls of silence
 V - 13 scrolls of identify
 Z - 6 scrolls of magic mapping
Potions
 j - 3 potions of agility
 k - 4 potions of haste
 m - 6 potions of invisibility
 n - 12 potions of mutation
 p - 6 potions of lignification
 u - 21 potions of curing
 z - 4 potions of flight
 D - 9 potions of might
 I - 2 potions of cancellation
 K - 2 potions of heal wounds
Miscellaneous
 s - a lightning rod (3/4)
 t - a sack of spiders
 w - a lamp of fire
 y - 2 phantom mirrors
 U - 2 boxes of beasts
Comestibles
 c - 12 bread rations
 o - 11 meat rations
 B - 2 royal jellies
 L - 23 fruits


   Skills:
 O Level 27 Fighting
 O Level 27 Axes
 O Level 27 Armour
 O Level 27 Dodging
 + Level 12.7 Evocations


You had 26 spell levels left.
You didn't know any spells.

Dungeon Overview and Level Annotations

Branches:
Dungeon (15/15)            Temple (1/1) D:5            Lair (6/6) D:8
  Swamp (4/4) Lair:2        Snake (4/4) Lair:4        Slime (0/5) Lair:5
    Orc (2/2) D:11            Elf (0/3) Orc:2        Vaults (5/5) D:14
  Crypt (0/3) Vaults:3     Depths (5/5) D:15            Zot (5/5) Depths:5

Altars:
Ashenzari
Cheibriados
Dithmenos
Elyvilon
Fedhas
Gozag
Hepliaklqana
Kikubaaqudgha
Makhleb
Nemelex Xobeh
Okawaru
Qazlal
Ru
Sif Muna
Trog
Uskayaw
Vehumet
Xom
Yredelemnul
Zin
The Shining One
Beogh

Shops:
D:6 ?   D:12 [!?   D:14 *   Orc:1 }   Orc:2 :*[(   Snake:1 [:[   Snake:2 *(
Vaults:4 :[[!   Vaults:5 =   Depths:4 }}=

Portals:
Hell: Depths:1 Depths:2 Depths:3 Depths:4 Depths:5
Abyss: Depths:1 Depths:3 Depths:4
Pandemonium: Depths:2 Depths:3
Ziggurat: Depths:5

Annotations:
Lair:3 1 exclusion
Lair:4 1 exclusion
Swamp:3 1 exclusion
Snake:2 1 exclusion
Snake:3 1 exclusion
Vaults:4 1 exclusion
Depths:3 1 exclusion
Depths:5 1 exclusion
Zot:1 2 exclusions
Zot:2 2 exclusions
Zot:3 2 exclusions
Zot:5 8 exclusions


Innate Abilities, Weirdness & Mutations

You reflexively headbutt those who attack you in melee.
You have a pair of horns on your head.
You are partially covered in thin metallic scales. (AC +2)
Your skin changes colour to match your surroundings (Stealth+).
Armour fits poorly on your strangely shaped body.
Your magical capacity is low. (-10% MP)


Message History

A Brimstone Fiend comes into view.
The Brimstone Fiend calls on the powers of darkness!
Your body is wracked with pain!
* * * LOW HITPOINT WARNING * * *
You see here 25 stones.
An Orb Guardian comes into view.
You open the Orb Guardian like a pillowcase!!!
You headbutt the Orb Guardian, but do no damage.
The Orb Guardian is severely wounded.
The Orb Guardian completely misses you.
You slice the Orb Guardian!!
You kill the Orb Guardian!
Trog accepts your kill. Icaerun hits you but does no damage.
You writhe in agony.
* * * LOW HITPOINT WARNING * * *
You see here a rapier.
Icaerun hits you!!
* * * LOW HITPOINT WARNING * * *
You writhe in agony.
You die...

##...## #### ##...#
# ##..# ## #..#
#### .## #..# #..#
..# #..# #..#
.&######..# #.<#
..3...2...# #..#
...>...3..# #@[#
..######..# #&.#
### #(&# #.)# ..###
#..# #.[# ....##
#..######.)#
....(###..231..1..#
..⌠...##..........#
.......##.######..#
##......### #..#


You could see Icaerun and a Brimstone Fiend.

Vanquished Creatures
  5 ancient liches
  Mennas (Depths:5)
  Mara (Snake:3)
  6 orbs of fire
  Sojobo (Depths:2)
  5 curse toes
  Nikola (Snake:2)
  Vashnia (Snake:2)
  3 Killer Klowns (Zot:5)
  the Enchantress (Depths:2)
  4 golden dragons
  A bone dragon (Swamp:4)
  9 electric golems
  16 tentacled monstrosities
  Jorgrun (Snake:2)
  27 Orb Guardians
  The ghost of Turgon the Severer, an adept DDAs of Makhleb (Vaults:5)
  Rupert (Snake:1)
  4 titans
  7 quicksilver dragons
  3 liches
  A tentacled starspawn (Abyss:5)
  Frances (Snake:2)
  2 thorn hunters (Swamp:3)
  14 death cobs
  Agnes (Snake:3)
  8 tengu reavers
  2 sphinxes
  14 storm dragons
  7 draconian monks
  13 shadow dragons
  3 iron dragons
  An azure jelly (shapeshifter) (Depths:5)
  Roxanne (Snake:1)
  10 nagarajas
  Aizul (Swamp:2)
  15 fire giants
  An orc warlord (Orc:1)
  8 draconian scorchers
  A juggernaut zombie (Depths:2)
  3 deep elf sorcerers
  10 draconian knights
  A balrug (Depths:3)
  4 frost giants
  3 ghost moths
  6 draconian stormcallers
  15 vault wardens
  An emperor scorpion (Depths:2)
  3 spriggan defenders (Depths:2)
  4 draconian shifters
  2 ghouls
  A deep elf elementalist (Vaults:5)
  28 very ugly things
  7 draconian annihilators
  2 war gargoyles
  2 vampire knights
  19 ironheart preservers
  6 caustic shrike skeletons (Depths:2)
  19 stone giants
  4 entropy weavers
  11 green draconians
  The ghost of Ymberto the Basher, a journeyman HuFi of Okawaru (D:10)
  An entropy weaver (shapeshifter) (Vaults:1)
  Nessos (Orc:1)
  15 red draconians
  21 black draconians
  A deep elf annihilator (Vaults:4)
  19 purple draconians
  4 spark wasps
  17 white draconians
  20 yellow draconians
  2 deep elf death magi (Vaults:4)
  19 ettins
  A minotaur (Lab)
  9 fire dragons
  24 yaktaur captains
  Josephine (Lair:6)
  3 deep elf high priests
  Snorg (D:11)
  36 slime creatures
  Fannar (D:10)
  5 rakshasas
  9 hydras
  7 great orbs of eyes
  A hydra (shapeshifter) (Vaults:2)
  16 ice dragons
  3 death knights
  28 vault guards
  3 ghost crabs
  17 ogre magi
  A catoblepas (D:12)
  4 anacondas
  52 two-headed ogres
  Erica (D:8)
  15 naga warriors
  5 spriggan air magi
  7 alligators
  12 tengu warriors
  9 centaur warriors
  18 death yaks
  2 vampire magi
  16 deep troll shamans
  7 shock serpents
  10 spriggan berserkers
  17 deep troll earth magi
  Nergalle (D:10)
  4 hell knights
  8 deep elf knights
  6 orc high priests
  Urug (D:10)
  A soul eater (Zot:2)
  14 naga sharpshooters
  Sonja (Lair:1)
  3 shadow wraiths
  3 sun demons
  2 storm dragon skeletons (Vaults:3)
  A storm dragon zombie (Vaults:5)
  4 iron trolls
  3 salamander mystics
  A sixfirhy (Zot:3)
  A death drake (Swamp:4)
  2 glowing orange brains (shapeshifter)
  12 skeletal warriors
  8 spriggan druids
  8 unseen horrors
  2 swamp dragons
  5 glowing orange brains
  An obsidian statue (Zot:5)
  45 deep trolls
  7 naga ritualists
  3 flayed ghosts
  4 spectral hydras (Swamp:4)
  2 wizards
  2 deep trolls (shapeshifter)
  4 deep elf archers
  7 phantasmal warriors
  8 harpies
  22 orc knights
  A mana viper (shapeshifter) (D:14)
  3 shambling mangroves
  19 ironbrand convokers
  7 necromancers
  2 fire giant zombies
  12 mana vipers
  5 orc sorcerers
  52 ugly things
  13 deep elf magi
  4 wolf spiders
  29 moths of wrath
  5 large abominations
  16 salamanders
  A salamander (shapeshifter) (Vaults:5)
  12 cyclopes
  Maurice (D:8)
  4 oklob plants
  4 manticores
  20 elephants
  A fire giant skeleton (Vaults:3)
  2 guardian serpents
  32 naga magi
  A stone giant skeleton (Vaults:2)
  Joseph (D:10)
  8 vault sentinels
  12 spiny frogs
  An eye of devastation (shapeshifter) (Vaults:5)
  A spiny frog (shapeshifter) (Vaults:3)
  Psyche (D:8)
  42 black mambas
  3 gargoyles
  4 centaur zombies
  A smoke demon (Zot:2)
  2 ice statues (IceCv)
  An orange demon (Zot:2)
  4 rime drakes
  A yaktaur zombie (Vaults:4)
  2 komodo dragons (shapeshifter)
  77 yaktaurs
  6 komodo dragons
  4 swamp worm zombies (Swamp:4)
  6 freezing wraiths
  A spark wasp simulacrum (Depths:2)
  13 ice devils (IceCv)
  A red devil (Zot:2)
  A jumping spider (Vaults:1)
  11 human skeletons
  3 yaktaur skeletons
  8 tengu conjurers
  A polar bear (shapeshifter) (Vaults:4)
  2 polar bears
  2 trolls (shapeshifter)
  3 hydra zombies (Swamp:4)
  A meliai (shapeshifter) (Depths:1)
  A hornet (shapeshifter) (Vaults:2)
  A tengu simulacrum (Vaults:2)
  3 meliai (D:14)
  11 trolls
  2 jumping spiders (shapeshifter) (Vaults:2)
  A wind drake (shapeshifter) (Vaults:1)
  13 blink frogs
  35 hornets
  3 tyrant leeches
  The ghost of Lanoc the Magician, an amateur DsWz of Ashenzari (D:5)
  2 alligator zombies (Swamp:4)
  8 dream sheep (Lair:6)
  A merfolk (shapeshifter) (Vaults:1)
  A raiju (shapeshifter) (D:14)
  16 bog bodies
  12 hippogriffs
  A fire dragon zombie (Depths:1)
  Sigmund (D:3)
  2 spectral swamp dragons (Swamp:4)
  11 redbacks
  63 spriggans
  A shadow (Swamp:1)
  7 small abominations
  A spriggan (shapeshifter) (Vaults:5)
  A redback (shapeshifter) (Vaults:1)
  2 air elementals (Depths:3)
  A tarantella (shapeshifter) (Vaults:5)
  3 ettin skeletons
  Eustachio (D:4)
  58 yaks
  A hog (shapeshifter) (Vaults:3)
  3 basilisks (shapeshifter)
  9 basilisks
  4 wyverns
  5 wraiths
  4 chaos spawn (Depths:1)
  7 hungry ghosts
  3 yaktaur simulacra
  A steam dragon (D:10)
  18 vampire mosquitoes
  4 wargs
  A deep troll zombie (Vaults:5)
  23 swamp worms
  A naga (shapeshifter) (Vaults:2)
  17 insubstantial wisps
  2 acid dragons
  47 nagas
  2 floating eyes (Depths:3)
  2 soldier ants (D:9)
  16 water moccasins
  8 porcupines
  5 ice beasts
  5 swamp drakes
  60 orc warriors
  6 sky beasts
  An ice beast (shapeshifter) (Depths:1)
  A wolf (shapeshifter) (D:15)
  33 ogres
  2 black bears (shapeshifter)
  6 phantoms
  7 black bears
  5 necrophages
  4 swamp dragon zombies (Swamp:4)
  3 human zombies (Vaults:2)
  27 boggarts
  2 elf skeletons (Vaults:3)
  An ice dragon simulacrum (Depths:1)
  22 wolves
  11 centaurs
  19 crocodiles
  2 elf simulacra
  3 big kobolds
  16 bullfrogs
  A gnoll sergeant (D:8)
  A wyvern zombie (D:13)
  A wyvern skeleton (D:10)
  18 wights
  7 killer bees
  8 howler monkeys
  12 crimson imps
  Crazy Yiuf (D:5)
  A bullfrog zombie (D:13)
  3 hounds
  A quasit (D:4)
  A human simulacrum (Vaults:3)
  A wyvern simulacrum (D:14)
  9 centaur skeletons
  20 orc priests
  2 jellies
  35 orc wizards
  3 bullfrog skeletons
  Ijyb (D:3)
  5 iguanas
  11 worker ants
  Natasha (D:3)
  A spectral swamp drake (Swamp:4)
  Terence (D:2)
  3 hound zombies
  A hound skeleton (D:6)
  2 worker ant zombies
  20 gnolls
  23 adders
  2 howler monkey skeletons
  A swamp drake zombie (Swamp:4)
  4 shadow imps
  11 white imps
  4 ufetubi
  2 oozes
  An adder zombie (D:7)
  An adder skeleton (D:8)
  4 worms
  A worm (shapeshifter) (D:15)
  4 dart slugs
  4 leopard geckos
  177 orcs
  2 ball pythons (D:1)
  8 giant cockroaches
  7 goblins
  5 hobgoblins
  10 jackals
  6 quokkas
  14 bats
  A frilled lizard (D:1)
  A jackal skeleton (D:7)
  24 kobolds
  3 leopard gecko zombies
  2 quokka skeletons
  4 rats
  5 bushes
  3 crawling corpses
  3 fungi
  12 plants
2685 creatures vanquished.

Vanquished Creatures (collateral kills)
  A golden dragon (Zot:3)
  A Brimstone Fiend (Zot:2)
  A draconian monk (Zot:1)
  A draconian scorcher (Zot:5)
  A draconian shifter (Zot:5)
  A cacodemon (Zot:2)
  2 spriggan defenders (Depths:2)
  A stone giant (Vaults:5)
  A black draconian (Depths:5)
  A green draconian (Zot:1)
  2 yellow draconians
  An ettin (Orc:1)
  A hydra (Lair:6)
  2 vault guards (Vaults:5)
  A naga warrior (Snake:3)
  A spriggan air mage (Depths:2)
  An ogre mage (Depths:2)
  A tengu warrior (Depths:2)
  2 death yaks (Depths:2)
  A deep troll earth mage (Depths:1)
  A small abomination (Vaults:5)
  A naga ritualist (Snake:3)
  An orc sorcerer (Orc:1)
  2 orc knights (Bailey)
  A black mamba (Snake:3)
  An orange demon (Zot:2)
  A guardian serpent (Snake:3)
  3 hornets
  A blink frog (Lair:6)
  4 spriggans (Depths:2)
  A naga (Snake:3)
  4 orc warriors
  A wolf (Lair:6)
  An orc priest (Orc:1)
  3 orcs (Bailey)
50 creatures vanquished.

Vanquished Creatures (others)
  A blizzard demon (IceCv)
  A hydra (Swamp:3)
  A two-headed ogre (Vaults:1)
  5 spriggans
  A spriggan druid (Swamp:4)
  A deep elf mage (Vaults:4)
  A salamander (shapeshifter) (Vaults:3)
  A yaktaur (Vaults:4)
  3 hornets (Swamp:3)
  A bog body (Swamp:3)
  A yak (Lair:5)
  A swamp worm (Swamp:3)
  An insubstantial wisp (Swamp:4)
  A bullfrog (D:6)
  An orc wizard (D:6)
  An adder (D:6)
  4 white imps (IceCv)
  2 ufetubi (IceCv)
  A leopard gecko (D:6)
  2 orcs
  A jackal (D:6)
  A quokka (D:6)
  9 bushes
  31 fungi
  49 plants
  2 starspawn tentacles (Abyss:5)
  11 toadstools (Lair:1)
135 creatures vanquished.

Grand Total: 2870 creatures vanquished

Notes
Turn   | Place    | Note
-------+----------+-------------------------------------------
     0 | D:1      | zaRGo the Minotaur Berserker began the quest for the Orb.
     0 | D:1      | Reached XP level 1. HP: 19/19 MP: 0/0
   254 | D:1      | Reached XP level 2. HP: 24/27 MP: 1/1
  1005 | D:2      | Noticed Terence
  1020 | D:2      | Reached ** piety under Trog
  1021 | D:2      | Killed Terence
  1021 | D:2      | Reached XP level 3. HP: 33/33 MP: 2/2
  1212 | D:2      | Reached XP level 4. HP: 40/40 MP: 3/3
  1907 | D:3      | Noticed Sigmund
  1931 | D:2      | Reached skill level 5 in Axes
  2031 | D:3      | Noticed Ijyb
  2044 | D:3      | Killed Ijyb
  2044 | D:3      | Reached XP level 5. HP: 47/47 MP: 4/4
  2171 | D:3      | Killed Sigmund
  2171 | D:3      | Reached skill level 5 in Fighting
  2171 | D:3      | Reached XP level 6. HP: 56/56 MP: 5/5
  2435 | D:3      | Noticed Natasha
  2441 | D:3      | Killed Natasha
  2549 | D:4      | Noticed Eustachio
  2645 | D:4      | Killed Eustachio
  2645 | D:4      | Reached *** piety under Trog
  2645 | D:4      | Reached XP level 7. HP: 61/61 MP: 6/6
  2707 | D:3      | Reached skill level 5 in Armour
  2848 | D:4      | Reached skill level 1 in Evocations
  3543 | D:5      | Entered Level 5 of the Dungeon
  3614 | D:5      | Noticed Lanoc's ghost (amateur DsWz)
  3633 | D:5      | Killed Lanoc's ghost
  3633 | D:5      | Reached XP level 8. HP: 69/69 MP: 7/7
  3708 | D:5      | Reached **** piety under Trog
  3754 | D:5      | Reached skill level 10 in Axes
  3927 | D:5      | Found a staircase to the Ecumenical Temple.
  3933 | Temple   | Entered the Ecumenical Temple
  4611 | D:5      | Found an opulent altar of Gozag.
  4649 | D:5      | Found a runed door.
  4653 | D:5      | Noticed Crazy Yiuf
  4657 | D:5      | Killed Crazy Yiuf
  4969 | D:6      | Found a shimmering altar of Xom.
  5290 | D:6      | Found Selaufing's Magic Scroll Boutique.
  5298 | D:6      | Bought a scroll of teleportation for 33 gold pieces
  5298 | D:6      | Bought a scroll of magic mapping for 38 gold pieces
  5298 | D:6      | Bought a scroll of enchant armour for 82 gold pieces
  5298 | D:6      | Bought a scroll of teleportation for 33 gold pieces
  5298 | D:6      | Bought a scroll of identify for 22 gold pieces
  5457 | D:6      | Reached XP level 9. HP: 74/74 MP: 8/8
  5616 | D:7      | Received a gift from Trog
  6937 | D:7      | Found a sparkling altar of Nemelex Xobeh.
  7124 | D:8      | Found a radiant altar of Vehumet.
  7135 | D:8      | Noticed Psyche
  7149 | D:8      | Killed Psyche
  7582 | D:8      | Reached XP level 10. HP: 67/84 MP: 6/9
  7681 | D:8      | Found a hazy altar of Hepliaklqana.
  7682 | D:8      | Found a deep blue altar of Sif Muna.
  7682 | D:8      | Found a stormy altar of Qazlal.
  7686 | D:8      | Found an iron altar of Okawaru.
  7687 | D:8      | Found a hide-covered altar of Uskayaw.
  7688 | D:8      | Found a burning altar of Makhleb.
  7792 | D:8      | Found a staircase to the Lair.
  7975 | D:8      | Noticed Erica
  7987 | D:8      | Killed Erica
  8346 | D:9      | Noticed a two-headed ogre
  8351 | D:9      | Killed a two-headed ogre
  8756 | D:9      | Noticed a two-headed ogre
  8762 | D:9      | Killed a two-headed ogre
  8815 | D:9      | Noticed a two-headed ogre
  8822 | D:9      | Killed a two-headed ogre
  8848 | D:9      | Reached ***** piety under Trog
  9136 | D:9      | Reached XP level 11. HP: 99/99 MP: 10/10
  9467 | D:9      | Noticed a two-headed ogre
  9480 | D:9      | Killed a two-headed ogre
  9563 | D:9      | Noticed a two-headed ogre
  9581 | D:9      | Killed a two-headed ogre
  9581 | D:9      | Reached skill level 10 in Fighting
  9581 | D:9      | Reached skill level 15 in Axes
  9724 | D:10     | Entered Level 10 of the Dungeon
  9784 | D:10     | Reached skill level 10 in Armour
 10046 | D:10     | Noticed Joseph
 10054 | D:10     | Killed Joseph
 10521 | D:10     | Noticed Ymberto's ghost (journeyman HuFi)
 10531 | D:10     | Killed Ymberto's ghost
 10644 | D:10     | Noticed Fannar
 10659 | D:10     | Killed Fannar
 10784 | D:10     | Noticed Nergalle
 10802 | D:10     | Killed Nergalle
 10884 | D:10     | Noticed Urug
 10911 | D:10     | Killed Urug
 11286 | D:11     | Noticed a red ugly thing
 11297 | D:11     | Killed a red ugly thing
 11406 | D:11     | Noticed a red ugly thing
 11428 | D:11     | Killed a red ugly thing
 11428 | D:11     | Reached XP level 12. HP: 94/112 MP: 10/13
 11590 | D:11     | Noticed a two-headed ogre
 11610 | D:11     | Killed a two-headed ogre
 12144 | D:11     | Noticed a two-headed ogre
 12160 | D:11     | Killed a two-headed ogre
 12247 | D:11     | Noticed a two-headed ogre
 12253 | D:11     | Killed a two-headed ogre
 12324 | D:11     | Found a staircase to the Orcish Mines.
 12853 | D:12     | Noticed a catoblepas
 12859 | D:12     | Killed a catoblepas
 12859 | D:12     | Received a gift from Trog
 12869 | D:12     | Got a twisted battleaxe {god gift}
 12904 | D:12     | Identified the +2 battleaxe of the Lost Tales {drain, Str+4} (Trog gifted it to you on level 12 of the Dungeon)
 13005 | D:12     | Found Bimucig's Magic Scroll Shoppe.
 13020 | D:12     | Bought a scroll of teleportation for 33 gold pieces
 13020 | D:12     | Bought a scroll of enchant armour for 82 gold pieces
 13020 | D:12     | Bought a scroll of enchant armour for 82 gold pieces
 13020 | D:12     | Bought a scroll of fear for 38 gold pieces
 13020 | D:12     | Bought a scroll of teleportation for 33 gold pieces
 13082 | D:12     | Found Kutou's Distillery.
 13086 | D:12     | Bought a potion of agility for 48 gold pieces
 13086 | D:12     | Bought a potion of resistance for 120 gold pieces
 13086 | D:12     | Bought a potion of heal wounds for 60 gold pieces
 13086 | D:12     | Bought a potion of resistance for 120 gold pieces
 13576 | D:12     | Found Hamnesmi's Antique Armour Emporium.
 14407 | D:14     | Noticed a centaur warrior
 14728 | Lair:1   | Entered Level 1 of the Lair of Beasts
 14728 | Lair:1   | Found a labyrinth entrance.
 14732 | Lab      | Entered a labyrinth
 18462 | Lab      | Noticed a minotaur
 18472 | Lab      | Killed a minotaur
 18472 | Lab      | Reached XP level 13. HP: 124/124 MP: 7/14
 18474 | Lab      | Got a coiled jade ring
 18531 | Lab      | Identified the ring "Iczal" {+Blink rF+} (You took it off a minotaur in a labyrinth)
 18576 | Lair:1   | Identified 2 scrolls of acquirement
 18591 | Lair:1   | Got a pair of smoking gloves
 18597 | Lair:1   | Identified the +0 pair of gloves of the Twelve Planets {Dex+3} (You acquired it on level 1 of the Lair of Beasts)
 18640 | Lair:1   | Noticed Sonja
 18837 | Lair:1   | Found a blossoming altar of Fedhas.
 19560 | Lair:1   | Killed Sonja
 20199 | Lair:2   | Found a staircase to the Swamp.
 20200 | Lair:2   | Received a gift from Trog
 22751 | Lair:3   | Reached skill level 15 in Fighting
 23387 | Lair:4   | Found a staircase to the Snake Pit.
 24766 | Lair:5   | Reached XP level 14. HP: 135/135 MP: 4/15
 25259 | Lair:5   | Received a gift from Trog
 25500 | Lair:5   | Found a staircase to the Slime Pits.
 25647 | Lair:6   | Entered Level 6 of the Lair of Beasts
 27570 | Lair:6   | Received a gift from Trog
 27570 | Lair:6   | Reached skill level 15 in Armour
 27684 | Lair:5   | Identified a +1 pair of boots of running (You acquired it on level 5 of the Lair of Beasts)
 27947 | Lair:6   | Noticed Josephine
 27958 | Lair:6   | Killed Josephine
 29280 | Lair:6   | Reached XP level 15. HP: 144/144 MP: 5/16
 29759 | Orc:1    | Entered Level 1 of the Orcish Mines
 29791 | Orc:1    | Received a gift from Trog
 29931 | Orc:1    | Found a flagged portal.
 29955 | Bailey   | Entered a bailey
 30141 | Bailey   | Reached skill level 5 in Dodging
 30141 | Bailey   | Reached XP level 16. HP: 154/154 MP: 5/17
 30669 | Orc:1    | Found a transporter.
 30677 | Orc:1    | Found a roughly hewn altar of Beogh.
 30681 | Orc:1    | Found a transporter.
 30843 | Orc:1    | Identified Zikadoopeu's Papyrus of Bewitchment
 30879 | Orc:1    | Got an ichor-stained lajatang
 30880 | Orc:1    | Lost intelligence.
 30880 | Orc:1    | Identified the +1 lajatang of the Pillar {speed, Int-5 Dex+5} (You found it on level 1 of the Orcish Mines)
 30987 | Orc:1    | Found Jemaf's Quality Used Wands.
 30988 | Orc:1    | Noticed Snorg
 31049 | D:11     | Killed Snorg
 31482 | Orc:1    | Received a gift from Trog
 31812 | Orc:2    | Entered Level 2 of the Orcish Mines
 32110 | Orc:2    | Found a roughly hewn altar of Beogh.
 32179 | Orc:2    | Found Aheot's Book Shoppe.
 32180 | Orc:2    | Found a staircase to the Elven Halls.
 32714 | Orc:2    | Noticed Nessos
 32723 | Orc:1    | Killed Nessos
 33758 | Orc:2    | Found Qausonurch's Antique Armour Emporium.
 33815 | Orc:2    | Found Eleum's General Store.
 33829 | Orc:2    | Found Sorauss's Antique Weapon Shoppe.
 34006 | Orc:2    | Bought a scroll of identify for 32 gold pieces
 34006 | Orc:2    | Bought a potion of curing for 48 gold pieces
 34019 | Orc:2    | Bought a runed cloak for 232 gold pieces
 34649 | D:6      | Bought a scroll of torment for 82 gold pieces
 34649 | D:6      | Bought a scroll of vulnerability for 82 gold pieces
 34649 | D:6      | Bought a scroll of acquirement for 572 gold pieces
 34649 | D:6      | Bought a scroll of identify for 22 gold pieces
 34649 | D:6      | Bought a scroll of identify for 22 gold pieces
 34649 | D:6      | Bought a scroll of magic mapping for 38 gold pieces
 34854 | D:12     | Bought 2 potions of curing for 72 gold pieces
 34854 | D:12     | Bought a potion of curing for 36 gold pieces
 34884 | D:12     | Bought a scroll of remove curse for 33 gold pieces
 34884 | D:12     | Bought a scroll of identify for 22 gold pieces
 34884 | D:12     | Bought a scroll of identify for 22 gold pieces
 34884 | D:12     | Bought a scroll of identify for 22 gold pieces
 34884 | D:12     | Bought a scroll of identify for 22 gold pieces
 34884 | D:12     | Bought a scroll of magic mapping for 38 gold pieces
 35853 | D:14     | Found a gate to the Vaults.
 35987 | D:14     | Found a hazy altar of Hepliaklqana.
 36053 | D:14     | Reached ****** piety under Trog
 36355 | D:14     | Found Sez Wiecs's General Store.
 36357 | D:14     | Bought a scroll of identify for 34 gold pieces
 36357 | D:14     | Bought a scroll of fog for 34 gold pieces
 36357 | D:14     | Bought a bread ration for 85 gold pieces
 36725 | D:14     | Received a gift from Trog
 36993 | D:15     | Entered Level 15 of the Dungeon
 37129 | D:15     | Paralysed by an orc sorcerer for 4 turns
 37257 | D:15     | Found a staircase to the Depths.
 37424 | D:15     | Reached XP level 17. HP: 134/163 MP: 6/18
 38155 | D:15     | Found a glowing silver altar of Zin.
 38499 | D:15     | Received a gift from Trog
 39330 | Swamp:1  | Entered Level 1 of the Swamp
 40349 | Swamp:2  | Reached skill level 10 in Dodging
 40782 | Swamp:2  | Noticed Aizul
 40888 | Swamp:2  | Killed Aizul
 43620 | Swamp:3  | Received a gift from Trog
 43876 | Swamp:4  | Entered Level 4 of the Swamp
 46223 | Swamp:4  | Received a gift from Trog
 46223 | Swamp:4  | Reached XP level 18. HP: 168/174 MP: 19/19
 46604 | Swamp:4  | Noticed a bone dragon
 46624 | Swamp:4  | Killed a bone dragon
 46786 | Swamp:4  | Got a decaying rune of Zot
 47057 | Snake:1  | Entered Level 1 of the Snake Pit
 47265 | Snake:1  | Got a crude ring mail
 47289 | Snake:1  | Identified the +4 ring mail of Action {Regen+ rCorr SInv Stlth+} (You found it on level 1 of the Snake Pit)
 47319 | Snake:1  | Found Acestril's Book Emporium.
 47964 | Snake:1  | Found Yppo's Armour Emporium.
 47993 | Snake:1  | Found a deep blue altar of Sif Muna.
 48053 | Snake:1  | Noticed Rupert
 48061 | Snake:1  | Killed Rupert
 48233 | Snake:1  | Found Goeph's Armour Shoppe.
 48331 | Snake:1  | Noticed Roxanne
 48369 | Snake:1  | Killed Roxanne
 48836 | Snake:2  | Found a frozen archway.
 48856 | IceCv    | Entered an ice cave
 49651 | Snake:2  | Found Tailekem's Weapon Emporium.
 49651 | Snake:2  | Found Xoagov's Assorted Antiques.
 49659 | Snake:2  | Bought an embroidered hat for 203 gold pieces
 49731 | Snake:2  | Noticed Frances
 49744 | Snake:2  | Killed Frances
 49744 | Snake:2  | Received a gift from Trog
 50169 | Snake:2  | Noticed Nikola
 50180 | Snake:2  | Killed Nikola
 51338 | Snake:3  | Noticed Agnes
 51361 | Snake:3  | Killed Agnes
 51401 | Snake:3  | Noticed Vashnia
 51413 | Snake:3  | Noticed Jorgrun
 51841 | Snake:2  | Killed Jorgrun
 52021 | Snake:3  | Noticed Mara
 52077 | Snake:3  | Noticed zaRGo's illusion
 52089 | Snake:3  | Killed Mara
 52423 | Snake:3  | Reached XP level 19. HP: 173/183 MP: 6/20
 52964 | Snake:2  | Killed Vashnia
 53110 | Snake:3  | Received a gift from Trog
 53619 | Snake:4  | Entered Level 4 of the Snake Pit
 55485 | Snake:4  | Received a gift from Trog
 56696 | Snake:4  | Got a serpentine rune of Zot
 57341 | Vaults:1 | Entered Level 1 of the Vaults
 57741 | Vaults:1 | Received a gift from Trog
 57752 | Vaults:1 | Reached XP level 20. HP: 173/194 MP: 7/21
 59704 | Vaults:1 | Received a gift from Trog
 59729 | Vaults:1 | Got an ancient crystal plate armour
 59754 | Vaults:1 | Identified the +0 crystal plate armour of Impermeability {+Fly Str+5} (You acquired it on level 1 of the Vaults)
 60064 | Vaults:1 | Got a bound silver ring
 60265 | Vaults:1 | Identified the ring of Nobility {+Fly EV+4} (You took it off a deep elf mage on level 1 of the Vaults)
 60869 | Vaults:2 | Received a gift from Trog
 62222 | Vaults:2 | Received a gift from Trog
 62237 | Vaults:2 | Got a twisted war axe {god gift}
 62238 | Vaults:2 | Identified the +7 war axe "Faonk" {drain, Str+3} (Trog gifted it to you on level 2 of the Vaults)
 63252 | Vaults:3 | Reached XP level 21. HP: 143/203 MP: 7/22
 63843 | Vaults:3 | Received a gift from Trog
 63843 | Vaults:3 | Reached skill level 15 in Dodging
 65002 | Vaults:3 | Found a staircase to the Crypt.
 65110 | Vaults:3 | Received a gift from Trog
 65363 | Vaults:3 | Received a gift from Trog
 65866 | Vaults:4 | Found Bopy Faapn's Distillery.
 65875 | Vaults:4 | Bought a potion of invisibility for 152 gold pieces
 65875 | Vaults:4 | Bought a potion of curing for 57 gold pieces
 65875 | Vaults:4 | Bought a potion of might for 76 gold pieces
 65875 | Vaults:4 | Bought a potion of agility for 76 gold pieces
 65875 | Vaults:4 | Bought a potion of might for 76 gold pieces
 65875 | Vaults:4 | Bought a potion of agility for 76 gold pieces
 65875 | Vaults:4 | Bought a potion of invisibility for 152 gold pieces
 65898 | Vaults:4 | Found Duaseg's Armour Boutique.
 66742 | Vaults:4 | Found Paeleuzy's Book Boutique.
 66746 | Vaults:4 | Found Neutixae's Armour Shop.
 66760 | Vaults:4 | Received a gift from Trog
 67181 | Vaults:4 | Reached XP level 22. HP: 213/214 MP: 7/23
 68152 | Depths:1 | Entered Level 1 of the Depths
 68765 | Depths:1 | Received a gift from Trog
 68973 | Depths:1 | Found a one-way gate to the infinite horrors of the Abyss.
 69256 | Depths:1 | Found a gateway to Hell.
 69733 | Depths:1 | Received a gift from Trog
 70490 | Depths:1 | Reached skill level 27 in Axes
 71054 | Depths:1 | Got a vibrating brass amulet
 71449 | Depths:2 | Identified the amulet of Creativity {Faith Str+3} (You found it on level 1 of the Depths)
 71642 | Depths:2 | Received a gift from Trog
 71709 | Depths:2 | Noticed Sojobo
 71731 | Depths:2 | Killed Sojobo
 72002 | Depths:2 | Reached XP level 23. HP: 102/225 MP: 8/24
 72731 | Depths:2 | Noticed the Enchantress
 72788 | Depths:2 | Received a gift from Trog
 73057 | Depths:2 | Found a bloodstained altar of Trog.
 73500 | Depths:2 | Found a one-way gate leading to the halls of Pandemonium.
 73511 | Depths:2 | Got a crude cloak
 73526 | Depths:2 | Identified the cursed +0 cloak "Odifyses" {rN+ Regen+ Int+5} (You found it on level 2 of the Depths)
 73809 | Depths:2 | Killed the Enchantress
 73809 | Depths:2 | Received a gift from Trog
 74072 | Depths:2 | Got faerie dragon scales
 75078 | Depths:3 | Paralysed by a floating eye for 3 turns
 76020 | Depths:3 | Found a runed door.
 76048 | Depths:3 | Received a gift from Trog
 77365 | Depths:4 | Reached XP level 24. HP: 223/238 MP: 8/24
 77530 | Depths:4 | Found Mysaj's Jewellery Boutique.
 77530 | Depths:4 | Found Heneijio's Gadget Emporium.
 77531 | Depths:4 | Found Iwiprah's Gadget Emporium.
 77545 | Depths:4 | Bought an uncursed ring of protection from fire for 450 gold pieces
 77553 | Depths:4 | Bought a box of beasts for 360 gold pieces
 77675 | Depths:5 | Entered Level 5 of the Depths
 77688 | Depths:5 | Received a gift from Trog
 77883 | Depths:5 | Found a gateway to a ziggurat.
 78767 | Depths:5 | Got a flickering pewter ring
 78783 | Depths:5 | Identified the ring "Foicloto" {MR+ Str+4 Int+5} (You found it on level 5 of the Depths)
 79517 | Depths:5 | Noticed Mennas
 80568 | Depths:5 | Killed Mennas
 80602 | Depths:5 | Found a gate to the Realm of Zot.
 80829 | Depths:4 | Bought a box of beasts for 440 gold pieces
 81380 | D:8      | Noticed Maurice
 81389 | D:8      | Killed Maurice
 81676 | Vaults:2 | Received a gift from Trog
 81754 | Vaults:5 | Entered Level 5 of the Vaults
 81758 | Vaults:5 | Noticed Turgon's ghost (adept DDAs)
 81905 | Vaults:5 | Killed Turgon's ghost
 82232 | Vaults:5 | Reached XP level 25. HP: 250/250 MP: 8/24
 82539 | Vaults:5 | Received a gift from Trog
 82797 | Vaults:5 | Noticed an ancient lich
 82811 | Vaults:5 | Killed an ancient lich
 83577 | Vaults:5 | Got a transparent amber ring
 83589 | Vaults:5 | Received a gift from Trog
 83670 | Vaults:5 | Identified the ring "Jogoic" {rC+ Int+3 Dex+2} (You took it off a yaktaur captain on level 5 of the Vaults)
 83680 | Vaults:5 | Got a shimmering jade ring
 83681 | Vaults:5 | Identified the ring "Foikhlits" {rC+ Stlth-} (You found it on level 5 of the Vaults)
 83892 | Vaults:5 | Found Cifog's Jewellery Shoppe.
 84109 | Vaults:5 | Got a silver rune of Zot
 85200 | Zot:1    | Entered Level 1 of the Realm of Zot
 87865 | Zot:1    | Reached XP level 26. HP: 160/264 MP: 8/24
 87875 | Zot:1    | Received a gift from Trog
 88119 | Zot:1    | Noticed an orb of fire
 88131 | Zot:1    | Killed an orb of fire
 89695 | Zot:1    | Reached skill level 27 in Fighting
 90396 | Zot:2    | Received a gift from Trog
 90819 | Zot:1    | Reached skill level 27 in Armour
 91544 | Zot:2    | Reached skill level 5 in Evocations
 92386 | Zot:3    | Reached XP level 27. HP: 273/273 MP: 8/26
 92541 | Zot:3    | Noticed an orb of fire
 92558 | Zot:3    | Killed an orb of fire
 94287 | Zot:5    | Entered Level 5 of the Realm of Zot
 94842 | Zot:5    | Noticed an ancient lich
 95432 | Zot:5    | Noticed an orb of fire
 95449 | Zot:5    | Gained mutation: You occasionally shout uncontrollably at your foes. [an orb of fire]
 95460 | Zot:5    | Killed an orb of fire
 95518 | Zot:5    | Killed an ancient lich
 95839 | Zot:5    | Noticed an ancient lich
 95847 | Zot:5    | Killed an ancient lich
 95847 | Zot:5    | Reached skill level 10 in Evocations
 95853 | Zot:5    | Noticed an ancient lich
 95855 | Zot:5    | Received a gift from Trog
 95961 | Zot:5    | Killed an ancient lich
 96155 | Zot:5    | Noticed an orb of fire
 96168 | Zot:5    | Killed an orb of fire
 96254 | Zot:5    | Noticed an ancient lich
 96276 | Zot:5    | Killed an ancient lich
 96914 | Zot:5    | Noticed an orb of fire
 96918 | Zot:5    | Gained mutation: You tend to lose your temper in combat. [an orb of fire]
 96931 | Zot:5    | Killed an orb of fire
 97026 | Zot:5    | Lost mutation: You tend to lose your temper in combat. [potion of mutation]
 97026 | Zot:5    | Lost mutation: You occasionally shout uncontrollably at your foes. [potion of mutation]
 97026 | Zot:5    | Gained mutation: You are partially covered in thin metallic scales. (AC +2) [potion of mutation]
 97026 | Zot:5    | Gained mutation: Your skin changes colour to match your surroundings (Stealth+). [potion of mutation]
 97026 | Zot:5    | Gained mutation: You are robust. (+10% HP) [potion of mutation]
 97279 | Zot:5    | Noticed an orb of fire
 97287 | Zot:5    | Lost mutation: You are robust. (+10% HP) [an orb of fire]
 97296 | Zot:5    | Gained mutation: Your magical capacity is low. (-10% MP) [an orb of fire]
 97297 | Zot:5    | Gained mutation: Armour fits poorly on your strangely shaped body. [an orb of fire]
 97299 | Zot:5    | Killed an orb of fire
 97810 | Zot:5    | Got the Orb of Zot
 97856 | Zot:5    | Reached skill level 27 in Dodging
 97874 | Zot:5    | Noticed Ronod the pandemonium lord
 97885 | Zot:4    | Noticed Isuurgh the pandemonium lord
 97895 | Zot:4    | Cast into level 5 of the Abyss (Isuurgh)
 97895 | Abyss:5  | Entered Level 5 of the Abyss
 97952 | Abyss:5  | Received a gift from Trog
 97955 | Zot:4    | Escaped the Abyss
 98272 | Zot:2    | Noticed Hacracku the pandemonium lord
 98273 | Zot:2    | Noticed Icaerun the pandemonium lord
 98313 | Zot:2    | HP: 4/273 [Icaerun the pandemonium lord (28)]
 98313 | Zot:2    | Mangled by Icaerun the pandemonium lord

Skill      XL: |  1  2  3  4  5  6  7  8  9 10 11 12 13 14 15 16 17 18 19 20 21 22 23 24 25 26 27 |
---------------+----------------------------------------------------------------------------------+-----
Axes           | 4 5 6 9 12 14 15 16 18 20 21 23 24 25 26 27 | 27.0
Fighting       | 4 5 6 9 11 14 15 16 17 18 19 20 21 22 23 24 25 26 27 | 27.0
Armour         | 3 4 5 6 9 11 12 14 15 16 18 19 20 21 22 23 24 26 27 | 27.0
Dodging        | 3 4 5 8 10 12 13 14 15 17 18 20 21 23 27 | 27.0
Evocations     | 1 2 5 12 | 12.7

Action                   |  1- 3 |  4- 6 |  7- 9 | 10-12 | 13-15 | 16-18 | 19-21 | 22-24 | 25-27 || total
-------------------------+-------+-------+-------+-------+-------+-------+-------+-------+-------++-------
Melee: Hand axe          |    52 |    94 |   112 |       |       |       |       |       |       ||   258
       Headbutt          |     9 |    15 |    85 |   132 |   181 |   435 |   493 |   497 |   559 ||  2406
       War axe           |       |       |   287 |   406 |       |       |       |       |       ||   693
       Flail             |       |       |       |     5 |       |       |       |       |       ||     5
       Battleaxe         |       |       |       |   132 |   811 |  1657 |   312 |       |       ||  2912
       Great mace        |       |       |       |     9 |    21 |       |       |       |       ||    30
       Morningstar       |       |       |       |       |       |     3 |       |       |       ||     3
       Executioner's axe |       |       |       |       |       |       |  1177 |  1623 |  1525 ||  4325
Invok: Berserk           |     1 |     6 |    10 |    29 |    10 |    20 |     6 |     2 |     6 ||    90
       Burn Spellbooks   |       |       |     2 |       |       |     5 |     1 |     7 |     3 ||    18
       Trog's Hand       |       |       |     2 |     4 |     3 |     6 |    13 |     7 |     9 ||    44
       Brothers in Arms  |       |       |       |     1 |     3 |     5 |       |     6 |     7 ||    22
 Abil: Evoke Flight      |       |       |       |     3 |       |     1 |       |       |       ||     4
       Evoke Blink       |       |       |       |       |       |     3 |       |     4 |    14 ||    21
Evoke: Wand              |       |       |       |     6 |    25 |    18 |    11 |     8 |    14 ||    82
       Sack of spiders   |       |       |       |       |     2 |     1 |       |       |     1 ||     4
       Lamp of fire      |       |       |       |       |       |     3 |       |       |       ||     3
       Phantom mirror    |       |       |       |       |       |     1 |       |       |       ||     1
       Lightning rod     |       |       |       |       |       |     1 |       |       |       ||     1
       Box of beasts     |       |       |       |       |       |       |       |     1 |     1 ||     2
  Use: Scroll            |       |       |    13 |    10 |    26 |    25 |    27 |    16 |    18 ||   135
       Potion            |       |       |       |     1 |     4 |     3 |     2 |    14 |    15 ||    39
 Stab: Distracted        |       |       |       |       |       |     1 |     1 |     5 |       ||     7
  Eat: Chunk             |     2 |     9 |    27 |    42 |    28 |    46 |    31 |    32 |    27 ||   244
       Bread ration      |       |       |       |     3 |     1 |     4 |     2 |     2 |     6 ||    18
       Royal jelly       |       |       |       |     5 |     5 |     6 |       |     4 |     1 ||    21
       Fruit             |       |       |       |       |     2 |     2 |     6 |       |     1 ||    11
       Meat ration       |       |       |       |       |     1 |     3 |     2 |     1 |     1 ||     8
Armor: Leather armour    |    14 |       |       |       |       |       |       |       |       ||    14
       Ring mail         |     1 |    36 |   149 |   113 |   262 |       |       |       |       ||   561
       Plate armour      |       |       |       |       |   201 |   943 |   727 |   896 |   314 ||  3081
       Gold dragon scale |       |       |       |       |       |       |       |       |   593 ||   593
Dodge: Dodged            |    39 |    49 |   230 |   286 |   403 |   812 |   938 |  1177 |  1540 ||  5474
Block: Other             |       |       |       |       |    81 |   155 |   141 |   141 |       ||   518
       Reflection        |       |       |       |       |     1 |     6 |    10 |     8 |       ||    25
